 Dungeon Crawl Stone Soup version 0.28-a0-1206-g193881aaa2 (webtiles) character file.

Game seed: 6432749987569273121

24395 fragbeetle the Spear-Bearer (level 13, -3/104 HPs)
             Began as a Merfolk Gladiator on Dec 20, 2021.
             Was an Elder of Qazlal.
             Slain by Snorg (14 damage)
             ... on level 3 of the Lair of Beasts.
             The game lasted 01:19:57 (18314 turns).

fragbeetle the Spear-Bearer (Merfolk Gladiator)    Turns: 18314, Time: 01:19:57

Health: -3/104     AC: 13    Str: 16    XL:     13   Next: 12%
Magic:  21/23      EV: 21    Int: 11    God:    Qazlal [****..]
Gold:   668        SH:  5    Dex: 15    Spells: 19/26 levels left

rFire   . . .      SeeInvis .   g - +5 spear (flame)
rCold   . . .      Faith    .   (no shield)
rNeg    . . .      Spirit   .   M - +1 steam dragon scales
rPois   +          Reflect  .   c - +1 helmet
rElec   .          Harm     .   u - +0 cloak
rCorr   .          Rampage  .   W - +2 pair of gloves
Will    .....                   (no boots)
Stlth   +.........              (no amulet)
HPRegen 0.27/turn               R - ring of poison resistance
MPRegen 0.18/turn               K - +4 ring of evasion

@: about to teleport, repel missiles
A: (nimble swimmer 2), mertail
a: Renounce Religion, Upheaval, Elemental Force


You were on level 3 of the Lair of Beasts.
You worshipped Qazlal.
Qazlal was greatly pleased with you.
You visited 3 branches of the dungeon, and saw 16 of its levels.

You collected 668 gold pieces.

Inventory:

Hand Weapons
 g - a +5 spear of flaming (weapon)
 t - a +2 trident of venom
 V - a +0 glaive of venom
Missiles
 d - 4 throwing nets
 j - 306 stones
 k - 6 silver javelins
 r - 4 boomerangs (quivered)
 x - 46 poisoned darts
 Q - 10 curare-tipped darts
Armour
 b - a +0 leather armour
 c - a +1 helmet (worn)
 u - a +0 cloak (worn)
 M - +1 steam dragon scales (worn)
 W - a +2 pair of gloves (worn)
Jewellery
 i - a ring of resist corrosion
 w - a ring of see invisible
 E - a +6 ring of intelligence
 G - a ring of protection from fire
 H - a ring of positive energy
 K - a +4 ring of evasion (right hand)
 N - a ring of ice
 R - a ring of poison resistance (left hand)
Wands
 v - a wand of iceblast (16)
 U - a wand of flame (10)
Scrolls
 a - a scroll of noise {unknown}
 e - 7 scrolls of teleportation
 n - 2 scrolls of blinking
 o - 3 scrolls of amnesia
 p - 2 scrolls of enchant armour
 s - 2 scrolls of magic mapping {unknown}
 y - a scroll of fear {unknown}
 C - a scroll of acquirement {unknown}
 J - a scroll of enchant weapon {unknown}
 O - 2 scrolls of silence
 P - a scroll of fog {unknown}
Potions
 f - a potion of cancellation {unknown}
 h - a potion of ambrosia {unknown}
 l - 9 potions of curing
 m - 2 potions of lignification {unknown}
 q - 2 potions of magic {unknown}
 z - a potion of degeneration {unknown}
 A - a potion of haste {unknown}
 D - 3 potions of might
 F - 3 potions of heal wounds
 I - a potion of mutation {unknown}
 L - 2 potions of brilliance {unknown}
 S - a potion of flight {unknown}
 T - a potion of invisibility {unknown}


   Skills:
 + Level 10.5 Fighting
 - Level 14.0 Polearms
 + Level 6.5 Throwing
 - Level 4.7 Armour
 + Level 9.9 Dodging
 - Level 7.1 Spellcasting
 + Level 5.5 Summonings
 + Level 9.9 Ice Magic
 + Level 2.0 Invocations


You had 19 spell levels left.
You knew the following spells:

 Your Spells              Type           Power      Damage    Failure   Level
a - Frozen Ramparts       Ice            50%        1d7       1%          3
b - Summon Ice Beast      Ice/Summ       20%        N/A       7%          4

Your spell library contained the following spells:

 Spells                   Type           Power      Damage    Failure   Level
 Slow                     Hex            12%        N/A       17%         1
 Summon Guardian Golem    Hex/Summ       9%         N/A       17%         3
 Ice Form                 Ice/Tmut       14%        N/A       22%         4
 Confusing Touch          Hex            3%         N/A       45%         3
 Vampiric Draining        Necr           3%         2d6       45%         3
 Passage of Golubria      Tloc           3%         N/A       86%         4
 Silence                  Hex/Air        1%         N/A       99%         5
 Orb of Destruction       Conj           1%         N/A       100%        7
 Spellforged Servitor     Conj/Summ      4%         N/A       100%        7
 Lehudib's Crystal Spear  Conj/Erth      1%         10d2      100%        8


Dungeon Overview and Level Annotations

Branches:
Dungeon (11/15)            Temple (1/1) D:5            Lair (4/6) D:8
 Spider (0/4) Lair:2          Orc (0/2) D:11
  Swamp: Lair:2-4    Shoals: Lair:2-4

Altars:
Ashenzari
Cheibriados
Dithmenos
Elyvilon
Fedhas
Gozag
Hepliaklqana
Kikubaaqudgha
Makhleb
Nemelex Xobeh
Okawaru
Qazlal
Ru
Sif Muna
Trog
Uskayaw
Vehumet
Wu Jian
Xom
Yredelemnul
Zin
The Shining One
Jiyva

Annotations:
D:7 exclusion: 2 doors
D:10 hive
Lair:3 Snorg
Lair:4 Nergalle


Innate Abilities, Weirdness & Mutations

((You are quick and stealthy near water. (Stealth+, EV+, Speed+++)))
Your lower body shifts to a powerful aquatic tail in water.


Message History

You feel much better. Snorg misses you. Snorg claws you but does no damage.
You block Snorg's attack.
Snorg goes berserk!
Snorg rages.
You block Snorg's attack. x2; Snorg misses you.
Snorg closely misses you. You block Snorg's attack. Snorg misses you.
Casting: Frozen Ramparts (safe; 1% risk of failure)
Confirm with . or Enter, or press ? or * to list all spells.
Casting: Frozen Ramparts (safe; 1% risk of failure)
Press: ? - help, Dir - look around, f - activate The walls around you are covered in ice.
The wall freezes Snorg.
Snorg misses you. Snorg claws you! x2
* * * LOW HITPOINT WARNING * * *
The wall freezes the elephant.
Aiming: Throw Flame
Press: ? - help, Shift-Dir - straight line, f - Snorg
Aim: Snorg (berserk, 68% to hit)
The puff of flame hits Snorg!
Snorg is lightly wounded.
The wall freezes Snorg.
Snorg bites you!
* * * LOW HITPOINT WARNING * * *
Snorg closely misses you. Snorg barely misses you.
The wall freezes the elephant.
The wall freezes Snorg.
You block Snorg's attack. Snorg barely misses you. Snorg closely misses you.
You feel much better.
The wall freezes Snorg.
You block Snorg's attack. Snorg misses you. Snorg claws you!
* * * LOW HITPOINT WARNING * * *
The wall freezes the elephant.
As you read the scroll of teleportation, it crumbles to dust.
You feel strangely unstable.
The wall freezes Snorg.
Snorg completely misses you. x2; Snorg claws you.
* * * LOW HITPOINT WARNING * * *
The wall freezes the elephant.
The wall freezes Snorg.
Snorg misses you. Snorg claws you!
* * * LOW HITPOINT WARNING * * *
Snorg claws you but does no damage.
Your frozen ramparts will break if you move.
Continue?
The frozen ramparts melt away as you move.
Snorg completely misses you. Snorg claws you!
You die...

#...#....P..<.............♣ ♣..
#......#..........#####.#.♣# #♣..
.........#..#.....# ##...♣♣♣...
PP......######..### #........#
#.......### ##..# #.........
##........######.# ##....T###
###......##.##.Y### #.#.....##
##.......)...§T#.# ###....#Y†
###....#.P.....§@☼#### #......#>
#.#<...###...........# ##.##.#..
.........####...○.#(## ##.#.#..
....P....P# ######..## #......
..........# #....## ##....#
..##......# ### ##....#####......
..#.....P.###.###.#....##P#......
.#####P...................P......
.# #.....###...###.#.#.P......P


You could see Snorg (berserk) and an elephant.

Vanquished Creatures
  Fannar (Lair:1)
  A boulder beetle (Lair:3)
  A two-headed ogre (D:10)
  Sonja (Lair:2)
  The ghost of ytrimaz the Insei, a novice OpTm of Ashenzari (D:5)
  A cyclops (D:9)
  An elephant (Lair:3)
  2 black mambas (Lair:1)
  A torpor snail (Lair:1)
  3 cane toads
  5 komodo dragons
  2 rime drakes (Lair:3)
  A troll (D:11)
  Grinder (D:4)
  4 blink frogs
  2 redbacks (Lair:2)
  A wyvern (D:8)
  3 wraiths
  43 yaks
  3 basilisks
  3 steam dragons
  2 wargs
  13 water moccasins
  3 acid dragons
  A floating eye (Lair:2)
  3 orc warriors
  A black bear (D:6)
  A sky beast (D:7)
  8 wolves
  4 ogres
  5 necrophages (Lair:3)
  5 centaurs
  2 phantoms
  11 bullfrogs
  3 gnoll sergeants
  4 scorpions
  A water moccasin zombie (D:5)
  3 water moccasin skeletons
  8 killer bees
  13 wights
  3 electric eels (D:10)
  4 howler monkeys
  3 centaur zombies
  A bullfrog zombie (D:6)
  A bullfrog skeleton (D:5)
  4 orc priests
  2 centaur skeletons (D:6)
  3 hounds
  4 jellies (D:9)
  An iguana (D:5)
  A hell rat (Lair:3)
  9 orc wizards
  A killer bee zombie (D:6)
  2 howler monkey zombies
  7 adders
  13 gnolls
  2 howler monkey skeletons (D:5)
  3 shadow imps
  A white imp (D:6)
  An adder skeleton (D:4)
  A worm (D:3)
  3 dart slugs
  35 orcs
  8 endoplasms
  2 giant cockroaches
  9 goblins
  6 hobgoblins
  6 jackals
  6 kobolds
  2 quokkas
  6 ball pythons
  5 bats
  3 frilled lizards
  10 rats
340 creatures vanquished.

Vanquished Creatures (others)
  An orc (D:8)
  2 bushes (Lair:2)
  9 fungi
  28 plants
40 creatures vanquished.

Grand Total: 380 creatures vanquished

Notes
Turn   | Place    | Note
-------+----------+-------------------------------------------
     0 | D:1      | fragbeetle the Merfolk Gladiator began the quest for the
                  | Orb.
     0 | D:1      | Reached XP level 1. HP: 16/16 MP: 1/1
   367 | D:1      | Reached XP level 2. HP: 23/23 MP: 2/2
   826 | D:1      | Reached skill level 5 in Polearms
  1097 | D:2      | Reached XP level 3. HP: 24/28 MP: 3/3
  2125 | D:2      | Reached XP level 4. HP: 34/34 MP: 4/4
  2230 | D:3      | Found a faded altar of an unknown god.
  2502 | D:3      | Reached skill level 6 in Polearms
  2505 | D:3      | Reached XP level 5. HP: 34/41 MP: 5/5
  3085 | D:4      | Reached skill level 1 in Armour
  3156 | D:4      | Noticed an ogre
  3484 | D:4      | Reached XP level 6. HP: 47/47 MP: 6/6
  3649 | D:4      | Noticed Grinder
  3686 | D:4      | Reached skill level 5 in Dodging
  3699 | D:4      | Paralysed by Grinder for 7 turns
  3712 | D:4      | Paralysed by Grinder for 4 turns
  3724 | D:4      | Paralysed by Grinder for 6 turns
  3762 | D:5      | Entered Level 5 of the Dungeon
  4061 | D:5      | Learned a level 3 spell: Frozen Ramparts
  4121 | D:5      | Reached skill level 7 in Polearms
  4135 | D:5      | Reached skill level 1 in Ice Magic
  4464 | D:5      | Reached XP level 7. HP: 46/53 MP: 7/7
  4514 | D:5      | HP: 2/53 [orc priest/divine providence (17)]
  4878 | D:5      | Reached skill level 8 in Polearms
  4945 | D:5      | Found a runed translucent gate.
  4945 | D:5      | Found a runed translucent gate.
  4945 | D:5      | Found a runed translucent gate.
  4945 | D:5      | Noticed ytrimaz's ghost (novice OpTm)
  4988 | D:5      | Found a staircase to the Ecumenical Temple.
  5041 | Temple   | Entered the Ecumenical Temple
  5336 | Temple   | Became a worshipper of Qazlal Stormbringer
  5996 | D:6      | Reached skill level 9 in Polearms
  5996 | D:6      | Reached XP level 8. HP: 61/61 MP: 8/8
  6202 | D:6      | Found a blossoming altar of Fedhas.
  6230 | D:6      | Reached skill level 5 in Fighting
  6538 | D:6      | Reached skill level 10 in Polearms
  7236 | D:6      | Reached XP level 9. HP: 65/68 MP: 3/9
  7456 | D:7      | Reached * piety under Qazlal
  7457 | D:7      | Reached skill level 11 in Polearms
  7702 | D:7      | Found a shimmering blue altar of Sif Muna.
  7741 | D:7      | Reached skill level 1 in Spellcasting
  8427 | D:7      | Reached skill level 5 in Ice Magic
  8864 | D:7      | Reached skill level 12 in Polearms
  9782 | D:8      | Found a staircase to the Lair.
  9801 | D:9      | Reached XP level 10. HP: 52/72 MP: 7/14
  9875 | D:8      | Reached skill level 13 in Polearms
  9882 | D:8      | Reached ** piety under Qazlal
 10283 | Lair:1   | Entered Level 1 of the Lair of Beasts
 10480 | D:8      | Reached skill level 14 in Polearms
 10494 | D:8      | Learned a level 4 spell: Summon Ice Beast
 11118 | D:9      | Found a viscous altar of Jiyva.
 11403 | D:9      | Noticed a cyclops
 11417 | D:9      | Killed a cyclops
 11418 | D:9      | Reached XP level 11. HP: 46/86 MP: 9/18
 12052 | D:10     | Entered Level 10 of the Dungeon
 12586 | D:10     | Reached skill level 5 in Spellcasting
 13090 | D:11     | Noticed a two-headed ogre
 13091 | D:11     | Found a staircase to the Orcish Mines.
 13168 | D:10     | Killed a two-headed ogre
 13169 | D:10     | Reached skill level 1 in Summonings
 13578 | D:11     | Found a glowing golden altar of the Shining One.
 14365 | Lair:1   | Reached *** piety under Qazlal
 14794 | D:4      | Paralysed by Grinder for 6 turns
 14808 | D:4      | Paralysed by Grinder for 7 turns
 14820 | D:4      | Killed Grinder
 15387 | D:5      | Killed ytrimaz's ghost
 15634 | Lair:2   | Noticed Fannar
 15671 | Lair:1   | Reached XP level 12. HP: 67/95 MP: 15/21
 16320 | Lair:1   | Reached skill level 5 in Throwing
 16632 | Lair:2   | Noticed a five-headed hydra
 16704 | Lair:1   | Killed Fannar
 16764 | Lair:2   | Noticed Sonja
 16780 | Lair:2   | Killed Sonja
 16827 | Lair:2   | Found a hole to the Spider Nest.
 16898 | Lair:2   | Paralysed by a floating eye for 3 turns
 17020 | Lair:3   | Reached **** piety under Qazlal
 17030 | Lair:3   | Reached skill level 10 in Fighting
 17450 | Lair:3   | Noticed a boulder beetle
 17462 | Lair:3   | Killed a boulder beetle
 17478 | Lair:3   | Reached skill level 5 in Summonings
 17796 | Lair:3   | Reached XP level 13. HP: 86/104 MP: 20/23
 18001 | Lair:4   | Noticed Snorg
 18065 | Lair:3   | Reached skill level 1 in Invocations
 18118 | Lair:4   | Noticed Nergalle
 18314 | Lair:3   | Slain by Snorg

Illustrated notes

Levels and vault maps discovered:
D:1:      dpeg_arrival_concentric_ovals, layout_loops_ring
D:2:      layout_loops_corners, minmay_tripent
D:3:      layout_basic, shapermc_ecumenical_altar_mp_highgroup
D:4:      layout_basic, uniq_grinder
D:5:      layout_basic, minmay_temple_entry_gardened_gates,
          ebering_ghost_rock_garden, minmay_crossroads
D:6:      layout_loops_ring, mainiacjoe_overflow_tiny_flanked,
          grunt_ministairs_3, patterned_corridor
D:7:      layout_loops_cross, mainiacjoe_overflow_boulevard,
          kennysheep_cross_room, kennysheep_generic_room_13
D:8:      layout_rooms, erik_lair_orcish_takeover
D:9:      layout_irregular_city, jiyva_altar_1
D:10:     layout_basic, serial_corexii_hall, chequers_hall_statues_corner_a,
          corexii_hall_statues_l, corexii_hall_statues_deadend,
          chequers_hall_statues_y, serial_bayou_pond_c, hive_lemuel
D:11:     layout_cave_pools, orc_0_dummy, serial_column_ruins,
          column_ruins_circle_medium, column_ruins_hut, column_ruins_open_large,
          column_ruins_grid_1, column_ruins_columns_straight,
          column_ruins_columns_corner, column_ruins_corridor_straight,
          chequers_serial_rivers_room_a, tso_oasis_becter
Temple:   mainiacjoe_temple_cubbyholes
Lair:1:   layout_gridlike
Lair:2:   layout_misc_corridors, spider_nest_entry_webs, disabler_island,
          grunt_megastairs_5, uniq_fannar, uniq_sonja
Lair:3:   layout_misc_corridors, minmay_stone_trees_small, roderic_carrion_pond
Lair:4:   layout_gridlike, elwin_shoals_entry_rooms, st_stairs_3,
          beast_lair_carwin_10, lemuel_fruit_fields, uniq_nergalle, uniq_snorg

Skill      XL: |  1  2  3  4  5  6  7  8  9 10 11 12 13 |
---------------+----------------------------------------+-----
Polearms       | 5 6 7 9 10 12 14 | 14.0
Fighting       | 3 4 5 6 8 9 10 | 10.5
Throwing       | 3 4 6 |  6.5
Armour         | 1 2 3 4 |  4.7
Dodging        | 5 8 9 |  9.9
Ice Magic      | 1 2 4 5 7 8 9 |  9.9
Spellcasting   | 2 4 6 7 |  7.1
Summonings     | 3 5 |  5.5
Invocations    | 2 |  2.0

Action                   |  1- 3 |  4- 6 |  7- 9 | 10-12 | 13-15 || total
-------------------------+-------+-------+-------+-------+-------++-------
Melee: Trident           |   138 |   168 |   424 |       |       ||   730
       Spear             |       |       |    12 |   772 |    60 ||   844
       Tailslap          |       |       |       |     1 |       ||     1
Throw: Stone             |     1 |     3 |       |       |       ||     4
       Dart              |       |    24 |    40 |    20 |       ||    84
       Boomerang         |       |       |       |    15 |       ||    15
 Cast: Frozen Ramparts   |       |       |    12 |    41 |     5 ||    58
       Summon Ice Beast  |       |       |       |    13 |       ||    13
Evoke: Wand              |       |       |       |       |     1 ||     1
  Use: Scroll            |       |       |     2 |    13 |     2 ||    17
       Potion            |       |       |       |     3 |     2 ||     5
Armor: Leather armour    |    12 |       |       |       |       ||    12
       Ring mail         |    25 |    36 |    71 |       |       ||   132
       Steam dragon scal |       |       |    20 |    97 |    10 ||   127
Dodge: Dodged            |    81 |    76 |   210 |   319 |    88 ||   774
       Repelled          |       |       |       |     1 |       ||     1
Block: Other             |       |       |     8 |    59 |    26 ||    93

Table legend: (Time is in decaauts)
 A = Elapsed time spent in this place.
 B = Non-inter-level travel time spent in this place.
 C = Inter-level travel time spent in this place.
 D = Time resting spent in this place.
 E = Time spent auto-exploring this place.
 F = Levels seen in this place.
 G = Mean time per level.
                   A        B        C        D        E       F      G
               +--------+--------+--------+--------+--------+-----+--------+
         Total |  17793 |  17152 |    641 |   4755 |   4164 |  16 | 1112.1 |
       Dungeon |  13881 |  13250 |    631 |   3616 |   3771 |  11 | 1261.9 |
        Temple |    479 |    479 |      0 |      0 |    393 |   1 |  479.0 |
          Lair |   3432 |   3422 |     10 |   1139 |      0 |   4 |  858.0 |
               +--------+--------+--------+--------+--------+-----+--------+

Top non-repeatable levels by time:
     D:7: 2148 daAuts
     D:5: 1874 daAuts
  Lair:1: 1842 daAuts
     D:8: 1545 daAuts
     D:6: 1475 daAuts
     D:4: 1201 daAuts
  Lair:3: 1171 daAuts
     D:2: 1125 daAuts
     D:1: 1090 daAuts
    D:10: 1013 daAuts
     D:9: 936 daAuts
     D:3: 861 daAuts
    D:11: 609 daAuts
  Temple: 479 daAuts
  Lair:2: 383 daAuts
